Map: Emerald City LE

Players

CHIJEU - Winner!

  • Race: Terran Terran
  • Spawn Location: 11:00

Yaya - Winner!

  • Race: Protoss Protoss
  • Spawn Location: 11:00

qqq

  • Race: Zerg Zerg
  • Spawn Location: 5:00

Massa

  • Race: Terran Terran
  • League: Platinum
  • Spawn Location: 5:00

VOD

Have the link to the VOD?

Description

Time

  • Played on: Feb. 12, 2021, 5:02 p.m.
  • Length: 16:22
Show
View Real Time Build Order
Export as new Build Order

CHIJEU Terran - Winner!

Build Orders: Reaper Expand 

Get SALT Encoding   

  12  0:00  SCV  
  13  0:12  SCV  
  14  0:18  Supply Depot  
  14  0:24  SCV  
  15  0:40  SCV  
  15  0:41  Barracks  
  16  0:45  Refinery  
  16  0:52  SCV  
  17  1:01  Refinery  
  18  1:04  SCV  
  18  1:16  SCV  
  19  1:28  Reaper  
  19  1:30  Orbital Command  
  20  1:44  Command Center  
  20  2:00  SCV, Marine, Supply Depot  
  22  2:14  SCV  
  23  2:19  Factory  
  23  2:26  SCV  
  23  2:28  Barracks Reactor  
  24  2:30  Refinery  
  24  2:38  SCV  
  25  2:50  SCV  
  26  3:02  SCV  
  26  3:05  Orbital Command  
  27  3:08  Marine  
  27  3:12  Starport  
  29  3:13  Factory Tech Lab  
  29  3:18  Marine  
  29  3:22  SCV  
  30  3:30  Marine  
  30  3:33  SCV  
  30  3:34  SCV  
  33  3:52  Command Center, Supply Depot  
  33  3:56  SCV x2  
  33  3:58  Siege Tank  
  38  4:04  Barracks  
  38  4:06  Barracks Tech Lab  
  38  4:08  SCV x2  
  39  4:10  Barracks  
  39  4:17  Bunker  
  39  4:20  SCV x2  
  41  4:30  Siege Tank  
  43  4:32  SCV  
  43  4:33  SCV  
  45  4:39  Marine  
  45  4:45  SCV  
  46  4:47  Refinery  
  46  4:50  Supply Depot  
  46  4:54  SCV  
  46  4:55  Engineering Bay  
  46  4:56  Stimpack  
  46  4:57  Marine  
  46  4:58  Engineering Bay  
  48  5:03  Barracks Reactor, Siege Tank  
  48  5:05  SCV  
  52  5:07  SCV  
  52  5:08  Barracks Reactor  
  52  5:11  Orbital Command  
  53  5:17  SCV  
  53  5:19  SCV  
  55  5:22  Terran Infantry Weapons Level 1  
  55  5:25  Missile Turret x2  
  55  5:29  Medivac  
  55  5:30  SCV  
  55  5:31  SCV  
  59  5:41  SCV  
  57  5:44  Terran Infantry Armor Level 1  
  57  5:45  SCV x2  
  57  5:46  Refinery  
  59  5:51  Missile Turret  
  59  5:53  SCV  
  59  5:55  Marine x3  
  63  5:57  SCV  
  63  5:58  SCV  
  63  6:00  Missile Turret  
  65  6:04  Marine x2  
  65  6:05  SCV  
  65  6:09  SCV  
  65  6:10  SCV  
  70  6:16  Barracks  
  70  6:17  SCV, Barracks  
  70  6:19  Marine x2  
  70  6:22  SCV  
  70  6:24  Marine x2  
  75  6:28  Supply Depot  
  75  6:30  Supply Depot  
  75  6:35  SCV x2  
  75  6:36  Combat Shield  
  75  6:38  Armory  
  77  6:45  Missile Turret  
  77  6:50  SCV x3, Siege Tank  
  83  7:00  Marine  
  83  7:01  Marine x2  
  85  7:02  SCV x2  
  85  7:04  Marine  
  85  7:05  Marine  
  85  7:06  Barracks Reactor  
  85  7:07  Barracks Reactor  
  90  7:10  SCV  
  90  7:14  SCV  
  93  7:17  Orbital Command  
  92  7:29  Missile Turret  
  92  7:34  Supply Depot  
  92  7:36  Supply Depot  
  92  7:39  Terran Infantry Armor Level 2, Terran Infantry Weapons Level 2  
  92  7:40  Supply Depot  
  92  7:48  Supply Depot  
  92  7:49  Refinery  
  92  7:51  Refinery  
  92  7:56  Medivac x2, Siege Tank  
  92  7:57  Supply Depot  
  92  7:58  Marine x4  
  102  7:59  Supply Depot  
  103  8:09  SCV, Factory  
  103  8:10  SCV x2  
  103  8:11  Barracks Reactor  
  103  8:12  Marine x2  
  107  8:16  Supply Depot  
  107  8:17  Supply Depot  
  107  8:19  Supply Depot  
  107  8:21  Marine x4  
  111  8:30  Marine x2  
  111  8:31  Marine x2, Medivac x2, Siege Tank  
  122  8:47  Marine x3  
  125  8:49  Marine x2  
  125  8:50  Marine x2, Command Center, Missile Turret  
  125  8:51  Missile Turret  
  125  8:53  Marine x2  
  125  8:54  SCV  
  132  8:58  Siege Tank  
  135  9:03  Starport, SCV x2  
  135  9:04  Marine  
  135  9:05  Marine x2, Siege Tank  
  135  9:06  SCV  
  144  9:10  Starport  
  144  9:12  Starport  
  144  9:14  Marine x4  
  144  9:15  SCV  
  144  9:16  SCV  
  146  9:26  Marine x4  
  146  9:27  Marine x2  
  152  9:32  Marine  
  148  9:41  Marine x3  
  148  9:42  Medivac x2, Siege Tank  
  148  9:44  Marine  
  159  9:49  Starport Reactor  
  159  9:50  Starport  
  159  9:51  Starport Reactor  
  159  9:52  Starport Reactor  
  159  9:53  Marine x4  
  159  9:54  Refinery  
  159  9:55  Refinery  
  163  10:02  SCV  
  163  10:05  Marine x4  
  163  10:06  Marine x2, Siege Tank  
  165  10:14  Siege Tank  
  161  10:22  Marine x3, Supply Depot  
  161  10:23  SCV  
  161  10:28  Marine x4  
  164  10:33  SCV x2  
  164  10:35  SCV  
  159  10:44  Marine x3  
  159  10:47  Marine x4  
  159  10:48  Viking x2, Siege Tank x2  
  159  10:49  Viking  
  177  10:55  Marine  
  177  10:56  Marine  
  175  10:58  Marine  
  175  11:00  SCV  
  175  11:02  Marine  
  159  11:14  Marine x2  
  142  11:20  Siege Tank x2  
  142  11:22  Marine x2  
  142  11:24  Marine x3  
  147  11:26  Marine  
  147  11:31  Viking x5  
  157  11:34  Marine x2  
  157  11:35  Terran Infantry Weapons Level 3  
  153  11:45  Marine x4  
  153  11:46  Medivac x3  
  159  11:50  Planetary Fortress  
  157  11:57  Marine x2, Command Center  
  157  11:58  Marine  
  156  12:20  SCV, Sensor Tower  
  157  12:23  Missile Turret  
  157  12:30  Siege Tank x2  
  157  12:31  Medivac x2  
  157  12:36  Medivac x2  
  170  12:37  Command Center  
  170  12:41  Fusion Core  
  170  12:42  SCV x2  
  170  12:43  SCV  
  173  12:47  Starport Tech Lab  
  158  13:05  Marine x5  
  139  13:06  Siege Tank x2  
  136  13:12  Marine  
  136  13:13  Marine x4  
  136  13:14  Viking x2  
  136  13:15  Viking x2  
  149  13:23  Marine x5  
  149  13:26  Missile Turret, Medivac  
  156  13:27  Missile Turret x2  
  156  13:30  Marine x3  
  156  13:31  Advanced Ballistics, Marine x2  
  161  13:38  Siege Tank  
  151  13:45  Marine x4  
  151  13:46  Marine, Siege Tank  
  151  13:47  Viking x2  
  162  14:00  Marine x2  
  162  14:02  Supply Depot  
  163  14:04  Ghost Academy  
  149  14:26  Marine x4  
  149  14:27  Viking x3, Siege Tank  
  162  14:40  SCV  
  162  14:43  Marine x2  
  162  14:44  Marine x2, Siege Tank  
  170  14:47  Planetary Fortress  
  170  15:08  Refinery, Marine x3  
  170  15:09  Marine, Viking, Siege Tank  
  176  15:42  Marine x2  
  175  15:43  Marine x3  
  175  15:46  Refinery, SCV  
  175  15:47  SCV x2  
Show
View Real Time Build Order
Export as new Build Order

Yaya Protoss - Winner!

Build Orders: Double Forge, Zealot Archon, Dark Templar Rush 

Get SALT Encoding   

  12  0:00  Probe  
  13  0:12  Probe  
  14  0:18  Pylon  
  14  0:25  Probe  
  15  0:37  Probe (Chrono Boost)  
  15  0:40  Gateway  
  16  0:47  Assimilator  
  16  0:49  Probe (Chrono Boost)  
  17  0:54  Probe (Chrono Boost)  
  18  1:04  Pylon  
  18  1:05  Probe (Chrono Boost)  
  19  1:19  Probe (Chrono Boost)  
  19  1:25  Probe  
  20  1:31  Cybernetics Core  
  21  1:37  Probe  
  22  1:49  Probe  
  23  2:02  Assimilator  
  23  2:06  Nexus  
  23  2:11  Twilight Council  
  23  2:14  Warp Gate  
  23  2:15  Probe (Chrono Boost)  
  24  2:25  Probe (Chrono Boost)  
  25  2:39  Probe  
  26  2:50  Pylon  
  26  2:51  Probe  
  27  3:04  Probe  
  28  3:08  Dark Shrine  
  28  3:13  Gateway x2  
  28  3:17  Pylon  
  28  3:23  Probe x2  
  30  3:35  Probe x2 (Chrono Boost)  
  32  3:45  Probe x2 (Chrono Boost)  
  34  3:49  Probe (Chrono Boost)  
  34  3:50  Probe  
  36  4:01  Probe  
  36  4:02  Probe  
  38  4:13  Probe  
  38  4:14  Probe  
  40  4:17  Pylon  
  40  4:20  Dark Templar  
  40  4:21  Dark Templar x2  
  46  4:38  Probe x2, Blink (Chrono Boost)  
  48  4:46  Forge  
  48  4:51  Forge  
  48  4:55  Pylon  
  48  5:03  Probe x2  
  48  5:23  Probe x2  
  48  5:27  Protoss Ground Armor Level 1 (Chrono Boost)  
  48  5:28  Assimilator  
  50  5:29  Protoss Ground Weapons Level 1 (Chrono Boost)  
  50  5:31  Assimilator  
  50  5:34  Pylon  
  48  5:35  Probe  
  48  5:36  Dark Templar  
  49  5:51  Gateway  
  49  5:56  Gateway  
  49  5:57  Gateway  
  49  5:59  Gateway  
  49  6:00  Gateway  
  49  6:01  Photon Cannon  
  49  6:05  Photon Cannon  
  49  6:17  Stalker  
  49  6:18  Stalker x2  
  54  6:26  Photon Cannon x2  
  54  6:44  Dark Templar  
  54  7:09  Probe x2  
  56  7:24  Nexus  
  56  7:33  Charge  
  56  7:36  Protoss Ground Weapons Level 2 (Chrono Boost), Protoss Ground Armor Level 2 (Chrono Boost)  
  54  7:40  Nexus  
  54  7:42  Pylon  
  54  7:46  Assimilator  
  54  7:49  Dark Templar x4  
  54  7:50  Assimilator  
  62  7:52  Pylon  
  62  7:55  Archon x2  
  62  7:59  Probe x2  
  64  8:10  Photon Cannon  
  64  8:11  Probe x2  
  64  8:12  Photon Cannon  
  66  8:15  Photon Cannon  
  66  8:23  Probe x2  
  68  8:27  Gateway x2  
  68  8:30  Gateway  
  68  8:32  Gateway  
  68  8:35  Probe x2  
  70  8:46  Photon Cannon  
  70  8:48  Stalker x3  
  72  8:49  Stalker  
  72  8:50  Stalker x2  
  72  8:52  Stalker x2  
  86  9:21  Stalker  
  86  9:22  Stalker x5  
  86  9:23  Stalker  
  100  9:40  Stalker x4  
  92  10:26  Stargate  
  92  10:28  Stargate  
  92  10:29  Templar Archives, Stargate  
  92  10:36  Probe x3  
  95  10:48  Probe  
  95  10:49  Zealot x2  
  100  10:50  Zealot x2  
  100  10:51  Zealot  
  100  10:54  Nexus  
  100  10:56  Pylon  
  84  11:29  Probe x3  
  87  11:37  Pylon  
  87  11:38  Pylon  
  87  11:41  Probe x2, Pylon  
  87  11:42  Psionic Storm  
  87  11:45  Fleet Beacon  
  89  11:48  Protoss Ground Armor Level 3 (Chrono Boost), Protoss Ground Weapons Level 3  
  89  12:02  Probe x3  
  89  12:06  Protoss Air Weapons Level 1  
  92  12:14  Probe  
  93  12:17  Assimilator  
  93  12:21  Assimilator  
  93  12:25  Pylon  
  93  12:29  Tempest x3, Pylon  
  103  12:31  Photon Cannon x2  
  103  12:33  Photon Cannon  
  103  12:34  Photon Cannon  
  108  12:43  Robotics Facility  
  108  12:57  High Templar x4  
  116  13:07  Zealot x4  
  116  13:08  Zealot x4  
  132  13:20  Pylon  
  132  13:23  Tempest x2 (Chrono Boost), Pylon  
  132  13:24  Tempest (Chrono Boost)  
  147  13:34  Observer  
  148  13:56  Dark Templar x2  
  148  13:57  Dark Templar x2  
  148  13:59  Dark Templar x3  
  148  14:00  Dark Templar  
  164  14:02  Archon  
  164  14:03  Archon x2  
  164  14:06  Archon  
  164  14:18  Unknown  
  156  14:32  Tempest x2  
  156  14:33  Tempest  
  156  14:35  Stalker x3  
  177  14:43  Pylon  
  177  14:46  Pylon  
  177  15:03  Pylon  
  177  15:05  Pylon  
  177  15:07  Pylon  
  177  15:09  Pylon  
  163  15:36  Stalker x3  
  163  15:37  Stalker x5  
  163  15:38  Stalker x4  
Show
View Real Time Build Order
Export as new Build Order

qqq Zerg 

Build Orders: Hatch First, Brood Lord Corruptor 

Get SALT Encoding   

  12  0:02  Drone  
  13  0:12  Drone  
  14  0:19  Overlord  
  14  0:48  Hatchery  
  13  1:01  Drone x3  
  16  1:18  Drone  
  17  1:24  Drone  
  18  1:28  Spawning Pool  
  18  1:29  Extractor  
  16  1:47  Drone, Overlord  
  17  1:55  Drone  
  18  2:08  Extractor  
  17  2:09  Drone  
  17  2:11  Drone x2  
  21  2:18  Extractor  
  21  2:21  Queen  
  21  2:22  Drone  
  25  2:34  Drone, Overlord  
  26  2:44  Lair  
  26  2:46  Drone x2  
  26  2:53  Drone x2  
  26  2:55  Drone  
  26  2:56  Extractor  
  28  3:00  Drone  
  29  3:07  Drone  
  29  3:11  Drone  
  31  3:17  Drone  
  32  3:26  Queen  
  34  3:31  Zergling x2  
  35  3:48  Drone  
  35  3:52  Drone x4  
  39  3:56  Metabolic Boost  
  39  3:57  Spire  
  39  3:58  Drone  
  39  4:00  Drone, Overlord  
  40  4:15  Drone  
  40  4:16  Hatchery, Infestation Pit  
  39  4:19  Spore Crawler  
  39  4:21  Drone  
  39  4:28  Drone x2  
  41  4:32  Overseer  
  41  4:40  Extractor, Drone  
  41  4:41  Extractor  
  41  4:43  Overlord x3  
  40  4:53  Spore Crawler  
  40  4:54  Drone, Spine Crawler  
  37  5:09  Mutalisk  
  37  5:10  Mutalisk, Zergling x2  
  37  5:11  Zergling x2  
  34  5:21  Mutalisk, Zergling x4  
  36  5:22  Zergling x2  
  36  5:23  Drone x3  
  42  5:42  Drone x2  
  44  5:43  Drone  
  44  5:44  Drone x4  
  44  5:48  Queen  
  51  5:55  Drone  
  51  5:56  Drone x3  
  55  6:06  Spine Crawler  
  55  6:09  Hive  
  54  6:14  Drone x2  
  56  6:19  Drone x3  
  56  6:21  Drone  
  60  6:28  Drone x2  
  60  6:29  Drone  
  60  6:30  Drone x2  
  63  7:04  Mutalisk x3  
  63  7:08  Drone x6  
  71  7:21  Hatchery  
  70  7:23  Drone x2  
  68  7:34  Pneumatized Carapace  
  68  7:35  Drone  
  69  7:39  Greater Spire  
  69  7:53  Corruptor x4  
  69  7:54  Spine Crawler  
  69  7:55  Spine Crawler  
  69  7:56  Drone x2  
  77  7:58  Spore Crawler  
  77  7:59  Extractor  
  77  8:02  Extractor  
  77  8:04  Drone  
  75  8:08  Overseer  
  75  8:16  Corruptor x2  
  75  8:17  Zergling x6, Overlord x2  
  81  8:27  Overlord x2  
  81  8:33  Queen  
  84  8:34  Drone x3  
  84  8:38  Drone  
  84  8:39  Queen  
  89  8:47  Drone x2  
  91  8:50  Corruptor  
  91  8:51  Overlord x2  
  91  8:54  Brood Lord  
  91  8:55  Brood Lord  
  97  9:00  Brood Lord  
  97  9:01  Drone x2  
  101  9:07  Drone x2  
  89  9:43  Corruptor  
  89  9:44  Corruptor x3  
  89  9:45  Drone x3  
  98  9:54  Zergling x2  
  98  9:55  Zergling x2, Corruptor x3  
  106  10:12  Brood Lord  
  104  10:50  Hatchery  
  104  10:54  Brood Lord x3  
  109  10:58  Hatchery  
  96  11:23  Brood Lord x2  
  96  11:37  Spine Crawler x2, Zergling x10  
  96  11:38  Zergling x2  
  96  11:39  Spine Crawler  
  97  11:56  Spine Crawler  
  97  11:57  Spine Crawler  
  97  11:59  Extractor  
  94  12:02  Brood Lord x2  
  94  12:04  Drone  
  94  12:05  Zergling x6  
  94  12:06  Drone  
  103  12:09  Hatchery  
  102  12:18  Drone  
  102  12:19  Spine Crawler  
  102  12:20  Spine Crawler  
  101  12:23  Spore Crawler  
  101  12:29  Brood Lord  
  104  12:30  Brood Lord  
  104  12:31  Corruptor  
  104  12:32  Overlord  
  104  12:33  Overlord  
  104  12:36  Hatchery  
  104  12:37  Hatchery  
  104  12:38  Drone x2  
  105  12:45  Drone, Hatchery  
  94  12:53  Corruptor x3  
  95  13:00  Drone  
  95  13:02  Zergling x6  
  93  13:07  Corruptor x2  
  89  13:15  Drone  
  90  13:21  Corruptor x2  
  94  13:27  Drone  
  94  13:28  Drone  
  94  13:47  Drone x4  
  98  13:50  Queen  
  98  13:51  Drone, Spine Crawler  
  98  13:52  Drone x2, Spine Crawler  
  101  13:56  Brood Lord x2  
  101  13:57  Drone  
  106  14:09  Drone x5  
  112  14:10  Drone  
  103  14:24  Corruptor x4  
  85  14:27  Drone x2  
  85  14:28  Drone x2, Zergling x2  
  85  14:29  Zergling x4  
  98  14:33  Corruptor  
  98  14:36  Drone x3  
  103  14:39  Extractor  
  103  14:40  Extractor  
  101  14:52  Drone x5  
  100  14:53  Drone x3  
  100  14:56  Corruptor  
  105  15:00  Spore Crawler  
  105  15:02  Drone  
  105  15:03  Drone  
  105  15:06  Spore Crawler  
  105  15:07  Spine Crawler  
  105  15:09  Spine Crawler  
  98  15:24  Corruptor x2  
  98  15:25  Corruptor x3  
  98  15:26  Drone  
  98  15:27  Drone  
  106  15:34  Corruptor  
  106  15:35  Corruptor  
  100  15:37  Zergling x6  
  100  15:38  Zergling x2  
  102  15:43  Corruptor  
  102  15:46  Mutalisk  
  102  15:47  Drone  
  102  15:48  Drone x3  
Show
View Real Time Build Order
Export as new Build Order

Massa Terran 

Build Orders:  

Get SALT Encoding   

  12  0:00  SCV  
  13  0:12  SCV  
  14  0:19  Supply Depot  
  14  0:24  SCV  
  15  0:30  Refinery  
  15  0:40  SCV  
  16  0:45  Barracks  
  16  0:53  SCV  
  17  1:06  SCV  
  18  1:18  SCV  
  19  1:32  Orbital Command  
  19  1:34  Barracks Reactor  
  19  1:46  Command Center  
  19  1:58  SCV  
  20  2:10  SCV, Marine x2  
  23  2:17  Supply Depot  
  23  2:35  SCV  
  23  2:38  Marine x2  
  23  2:42  Factory  
  25  2:47  SCV  
  25  2:56  Marine x2  
  27  3:05  SCV  
  28  3:09  Orbital Command  
  28  3:14  Marine x2  
  28  3:18  Supply Depot  
  30  3:22  Engineering Bay  
  30  3:25  Refinery  
  29  3:56  Barracks Tech Lab  
  29  3:57  Starport  
  29  3:58  Hellion  
  29  3:59  Hellion  
  29  4:01  SCV x2  
  35  4:06  Terran Infantry Weapons Level 1  
  35  4:13  SCV x2  
  37  4:20  Hellion x2  
  41  4:25  SCV x2  
  41  4:26  Command Center  
  43  4:41  Hellion x2  
  39  4:53  Marine  
  39  4:54  Starport Reactor  
  39  4:56  Starport Tech Lab  
  40  5:00  Orbital Command  
  40  5:11  Marine  
  38  5:15  Raven  
  40  5:29  Marine  
  29  5:47  Marauder  
  29  5:48  Widow Mine x2  
  33  5:54  SCV x3, Missile Turret  
  36  6:02  Missile Turret  
  36  6:06  SCV x3  
  39  6:18  SCV  
  40  6:19  Stimpack  
  40  6:20  Marine  
  41  6:26  Barracks  
  41  6:27  SCV x2  
  41  6:28  Barracks  
  41  6:30  SCV  
  44  6:43  Barracks  
  44  6:51  Factory Tech Lab  
  44  6:53  Refinery  
  44  6:54  Refinery, SCV x3  
  47  7:06  SCV x3  
  50  7:10  Siege Tank  
  53  7:18  SCV x3  
  56  7:27  Terran Infantry Armor Level 1  
  56  7:30  SCV x3  
  59  7:45  SCV  
  59  7:46  SCV x2  
  62  7:58  Barracks Reactor x2, SCV x3  
  65  7:59  Marine x2  
  65  8:02  Combat Shield  
  65  8:03  Concussive Shells  
  67  8:10  SCV x2  
  69  8:27  Supply Depot  
  69  8:28  Supply Depot  
  69  8:34  Supply Depot  
  69  8:47  Barracks  
  69  8:48  Barracks  
  69  8:49  SCV x2, Marine x2  
  69  8:50  Barracks  
  69  8:51  Starport  
  69  8:52  Supply Depot  
  69  8:54  Supply Depot  
  73  8:59  Supply Depot  
  73  9:01  SCV x2  
  75  9:07  Marine  
  76  9:11  Missile Turret  
  76  9:13  SCV x2  
  76  9:15  Marauder, Marine x4  
  82  9:23  Supply Depot  
  82  9:25  SCV x2, Marauder  
  85  9:32  Marine x2  
  85  9:33  Marine  
  85  9:36  Factory  
  88  9:42  Marauder, Marine  
  91  9:46  Marauder  
  91  9:50  Marine x2  
  95  9:57  Planetary Fortress  
  95  10:03  Marauder  
  89  10:18  Marauder, Marine x4  
  92  10:25  Marauder  
  92  10:27  SCV  
  92  10:28  SCV  
  95  10:32  Siege Tank  
  98  10:36  Marine  
  98  10:39  SCV, Marauder  
  98  10:40  SCV  
  103  10:46  Marauder  
  103  10:47  Missile Turret  
  103  10:48  Marine x3  
  108  10:52  SCV x2  
  108  10:53  Marine  
  103  11:01  Marauder  
  103  11:04  SCV x2, Siege Tank  
  97  11:06  Marine x2  
  101  11:21  Medivac x2  
  97  11:36  Siege Tank  
  100  11:43  Factory Reactor  
  100  11:44  Marauder x2, Marine x2  
  100  11:45  Marine x2  
  108  11:49  Barracks Reactor, Barracks Tech Lab  
  108  11:51  Medivac  
  110  12:00  Medivac  
  112  12:02  Marine x2  
  112  12:03  Marine x2  
  112  12:06  Marauder x2  
  120  12:08  Siege Tank  
  120  12:09  SCV x2  
  125  12:25  Supply Depot  
  125  12:27  Command Center, Supply Depot  
  125  12:28  Refinery  
  125  12:29  Engineering Bay, Supply Depot  
  125  12:30  Refinery  
  125  12:32  Supply Depot  
  125  12:34  Supply Depot  
  125  12:45  Supply Depot  
  125  12:46  SCV x3, Marine, Medivac x2  
  125  12:47  Supply Depot  
  125  12:48  Armory  
  133  12:52  Supply Depot x2  
  115  12:59  SCV x2  
  108  13:12  Supply Depot  
  108  13:13  Supply Depot  
  108  13:15  Barracks Tech Lab, Marauder x3, Marine  
  108  13:16  Marine x5, Supply Depot  
  120  13:33  Marine x3  
  123  13:34  Starport Reactor, Marine  
  124  13:49  Marauder  
  124  13:50  Marauder x3  
  124  13:52  Marine x6  
  138  14:09  Marine  
  133  14:10  Marine x5  
  133  14:11  Marauder x4  
  142  14:23  Siege Tank  
  142  14:24  Widow Mine x2  
  113  14:27  Marine x3  
  113  14:28  Marine x3, Medivac x4  
  121  14:32  Marauder x2  
  121  14:33  Marauder x2  
  121  14:37  Planetary Fortress  
  129  14:39  SCV  
  129  14:40  SCV  
  129  14:45  Widow Mine x2, Marine  
  136  14:50  Drilling Claws  
  136  14:54  Marauder x4  
  136  14:55  Siege Tank  
  136  14:58  Medivac  
  149  15:06  Widow Mine  
  153  15:07  Widow Mine, Sensor Tower  
  147  15:15  Marauder x4  
  155  15:27  Siege Tank  
  142  15:43  Widow Mine x2  
Tags
 
Add a new tag
Caveats
  • Supply blocks, unpowered buildings, or Contaminate may cause inaccurate times.
  • Supply counts are checked every 10 seconds.